 Dungeon Crawl Stone Soup version 0.27-a0-650-g8dd3ea4f36 (webtiles) character file.

Game seed: 1066158931198182840

162 tilp the Insei (level 5, -2/35 HPs)
             Began as an Octopode Transmuter on Mar 15, 2021.
             Slain by an orc priest
             ... wielding a +0 flail
              (7 damage)
             ... on level 4 of the Dungeon.
             The game lasted 00:04:35 (3699 turns).

tilp the Insei (Octopode Transmuter)                Turns: 3699, Time: 00:04:36

Health: -2/35      AC:  1    Str: 10    XL:     5   Next: 43%
Magic:  6/8        EV: 13    Int: 16    God:
Gold:   279        SH:  0    Dex: 12    Spells: 2/8 levels left

rFire    + + .     SeeInvis .     - Unarmed
rCold    . . .     Faith    .   (no shield)
rNeg     . . .     Spirit   .   (helmet currently unavailable)
rPois    .         Reflect  .   (no amulet)
rElec    .         Harm     .   a - ring of protection from fire
rCorr    .         Rampage  .   g - ring of protection from fire
Will     .....                  l - ring of flight
Stlth    +++.......             (no ring)
HPRegen  0.11/turn              (no ring)
MPRegen  0.11/turn              (no ring)
                                (no ring)
                                (no ring)

@: appendages (expiring)
A: tentacle spike 3, almost no armour, amphibious, 8 rings, camouflage 1,
gelatinous body 1, nimble swimmer 1, tentacles
a: End Transformation, Evoke Flight


You were on level 4 of the Dungeon.
One of your tentacles had grown a beastly spike.
You visited 1 branch of the dungeon, and saw 4 of its levels.

You collected 279 gold pieces.

Inventory:

Missiles
 b - 174 stones (quivered)
Jewellery
 a - a ring of protection from fire (left tentacle)
 g - a ring of protection from fire (right tentacle)
 l - a ring of flight (on tentacle)
Scrolls
 c - a scroll of fear
 d - a scroll of fog
 k - 2 scrolls of teleportation
Potions
 e - a potion of lignification
 f - 2 potions of brilliance {unknown}
 i - a potion of degeneration {unknown}
 m - a potion of curing {unknown}


   Skills:
 + Level 2.4 Fighting
 - Level 2.0 Dodging
 - Level 4.0 Stealth
 * Level 4.5 Unarmed Combat
 - Level 2.0 Spellcasting
 - Level 2.0 Transmutations


You had 2 spell levels left.
You knew the following spells:

 Your Spells              Type           Power      Damage    Failure   Level
a - Beastly Appendage     Tmut           16%        N/A       9%          1
b - Wereblood             Tmut           8%         N/A       14%         2
c - Spider Form           Tmut/Pois      2%         N/A       38%         3

Your spell library contained the following spells:

 Spells                   Type           Power      Damage    Failure   Level
 Ice Form                 Ice/Tmut       4%         N/A       80%         4
 Blade Hands              Tmut           4%         N/A       94%         5


Dungeon Overview and Level Annotations

Branches:
Dungeon (4/15)
 Temple: D:4-7

Altars:
Cheibriados
Gozag
Vehumet


Innate Abilities, Weirdness & Mutations

One of your tentacles has grown a beastly spike.
You cannot wear most types of armour.
You are amphibious.
You can wear up to eight rings at the same time.
Your skin changes colour to match your surroundings (Stealth+).
Your rubbery body absorbs attacks. (AC +1, EV +1)
You are stealthy while swimming. (Stealth+)
You have tentacles for arms and can constrict up to eight enemies at once.


Message History

You tentacle-slap the orc. Your grab misses the orc.
Your tentacle spike misses the orc.
You squeeze the orc.
You kill the orc!
Your transformation is almost over.
You closely miss the orc. You grab the orc. You squeeze the orc.
The orc is moderately wounded.
You constrict the orc, but do no damage.
The orc struggles to escape constriction.
The orc priest casts a cantrip, but nothing happens.
You tentacle-slap the orc.
You pierce the orc.
You kill the orc!
You closely miss the orc priest. Your grab misses the orc priest.
You squeeze the orc priest, but do no damage.
You barely miss the orc priest. You grab the orc priest.
You pierce the orc priest.
You tentacle-slap the orc priest. Your squeeze misses the orc priest.
The orc priest is moderately wounded.
You constrict the orc priest.
The orc priest hits you with a +0 hand axe!
You tentacle-slap the orc priest.
You pierce the orc priest, but do no damage.
You squeeze the orc priest.
The orc priest is heavily wounded.
You constrict the orc priest. The orc priest closely misses you.
The orc priest misses you.
Your magical contamination has completely faded away.
You tentacle-slap the orc priest. You squeeze the orc priest.
You kill the orc priest!
The orc priest misses you.
You tentacle-slap the orc priest but do no damage.
You grab the orc priest. You squeeze the orc priest.
The orc priest is moderately wounded.
You constrict the orc priest, but do no damage.
The orc priest hits you with a +0 flail!
* * * LOW HITPOINT WARNING * * *
You tentacle-slap the orc priest but do no damage.
The orc priest is moderately wounded.
You constrict the orc priest, but do no damage.
The orc priest hits you with a +0 flail!
You die...

### ..#
#.# # #.#
#.#
#.###....
#.#...#
#...#
#@..#
#..o)#.#
#.#### #
.. #.# #


You could see an orc priest.

Vanquished Creatures
  An orc priest (D:4)
  5 adders
  2 oozes
  2 worms
  4 orcs
  2 ball pythons (D:3)
  5 giant cockroaches
  6 goblins
  12 hobgoblins
  4 jackals
  A quokka (D:2)
  6 bats
  6 frilled lizards
  6 kobolds
  7 rats
69 creatures vanquished.

Notes
Turn   | Place    | Note
-------+----------+-------------------------------------------
     0 | D:1      | tilp the Octopode Transmuter began the quest for the Orb.
     0 | D:1      | Reached XP level 1. HP: 13/13 MP: 3/3
    38 | D:1      | Reached skill level 1 in Stealth
    77 | D:1      | Reached XP level 2. HP: 15/18 MP: 3/5
   802 | D:1      | Learned a level 2 spell: Wereblood
   961 | D:1      | Reached XP level 3. HP: 23/23 MP: 2/6
  1241 | D:2      | Found a radiant altar of Vehumet.
  1788 | D:2      | Reached XP level 4. HP: 24/28 MP: 5/7
  3236 | D:3      | Found an opulent altar of Gozag.
  3242 | D:3      | Reached XP level 5. HP: 34/34 MP: 8/8
  3262 | D:3      | Found a snail-covered altar of Cheibriados.
  3579 | D:3      | Found a faded altar of an unknown god.
  3657 | D:3      | Learned a level 3 spell: Spider Form
  3699 | D:4      | Slain by an orc priest

Illustrated notes

Levels and vault maps discovered:
D:1:      eino_arrival_water_star, layout_basic
D:2:      cheibrodos_greedy_goblins, layout_basic, nicolae_vehumet_radiance
D:3:      wad_pebble_path, layout_rooms, lemuel_crystal_altar,
          chequers_ecumenical_altar_island, minivault_5, minmay_misc_feat_rows,
          small_statue_intersection, nicolae_gozag_seed_capital
D:4:      layout_rooms, regret_index_temple_of_mockery,
          nicolae_uskayaw_murder_on_the_dancefloor, serial_shops, shop

Skill      XL: |  1  2  3  4 |
---------------+-------------+-----
Stealth        | 2 3 4 |  4.0
Unarmed Combat | 4 |  4.5
Fighting       | 2 |  2.4
Dodging        | |  2.0
Spellcasting   | |  2.0
Transmutations | |  2.0

Action                   |  1- 3 |  4- 6 || total
-------------------------+-------+-------++-------
Melee: Unarmed           |    73 |    69 ||   142
       Kick              |    15 |    11 ||    26
       Constrict         |    22 |    20 ||    42
       Tentacles         |    11 |    19 ||    30
       Punch             |       |     1 ||     1
Throw: Stone             |     3 |       ||     3
 Cast: Beastly Appendage |    21 |    12 ||    33
       Wereblood         |     6 |     4 ||    10
 Abil: Evoke Flight      |       |     1 ||     1
  Use: Scroll            |     1 |     5 ||     6
 Stab: Sleeping          |     6 |     5 ||    11
Armor: Skin              |     8 |     4 ||    12
Dodge: Dodged            |    48 |    27 ||    75

Table legend: (Time is in decaauts)
 A = Elapsed time spent in this place.
 B = Non-inter-level travel time spent in this place.
 C = Inter-level travel time spent in this place.
 D = Time resting spent in this place.
 E = Time spent auto-exploring this place.
 F = Levels seen in this place.
 G = Mean time per level.
                   A        B        C        D        E       F      G
               +--------+--------+--------+--------+--------+-----+--------+
         Total |   3689 |   3641 |     48 |    465 |   2690 |   4 |  922.2 |
       Dungeon |   3689 |   3641 |     48 |    465 |   2690 |   4 |  922.2 |
               +--------+--------+--------+--------+--------+-----+--------+

Top non-repeatable levels by time:
     D:2: 1765 daAuts
     D:1: 1125 daAuts
     D:3: 788 daAuts
     D:4: 10 daAuts
